 Dungeon Crawl Stone Soup version 0.18.1-48-g4cf74bf (webtiles) character file.

54 Redz the Skirmisher (level 3, 0/33 HPs)
             Began as a Hill Orc Abyssal Knight on July 8, 2016.
             Was a Believer of Lugonu.
             Slain by a kobold
             ... wielding a +0 whip
              (7 damage)
             ... on level 3 of the Dungeon.
             The game lasted 00:04:51 (1211 turns).

Redz the Skirmisher (Hill Orc Abyssal Knight)       Turns: 1211, Time: 00:04:52

Health: 0/33       AC:  4    Str: 15    XL:     3   Next: 91%
Magic:  4/4        EV: 11    Int: 12    God:    Lugonu [**....]
Gold:   94         SH:  0    Dex: 10    Spells: 0 memorised, 2 levels left

rFire  . . .     SeeInvis .     r - -2 hand axe (curse)
rCold  . . .     Gourm    .     b - +1 leather armour
rNeg   . . .     Faith    .     (no shield)
rPois  .         Spirit   .     (no helmet)
rElec  .         Dismiss  .     (no cloak)
rCorr  .         Reflect  .     (no gloves)
SustAt .         Harm     .     (no boots)
MR     .....                    (no amulet)
Stlth  +.........               (no ring)
                                (no ring)

@: not resistant to hostile enchantments, very unstealthy
A: no striking features
a: Depart the Abyss, Bend Space, Renounce Religion


You were on level 3 of the Dungeon.
You worshipped Lugonu.
Lugonu was pleased with you.
You were not hungry.

You visited 1 branch of the dungeon, and saw 3 of its levels.
You visited the Abyss 1 time.

You collected 94 gold pieces.

Inventory:

Hand Weapons
 a - a +2 hand axe
 r - a cursed -2 hand axe (weapon)
Armour
 b - a +1 leather armour (worn)
Scrolls
 d - 2 scrolls of teleportation
 e - 3 scrolls of identify
 f - a scroll of enchant weapon
 l - a scroll of enchant armour
Potions
 i - 2 potions of haste {unknown}
 j - a potion of resistance
 k - a potion of lignification {unknown}
 o - 2 potions of curing {unknown}
 q - 2 potions of cure mutation {unknown}
Comestibles
 c - 4 bread rations
 g - a chunk of flesh
 h - a beef jerky


   Skills:
 * Level 4.3 Fighting
 * Level 4.1 Axes
 + Level 2.5 Armour
 + Level 1.1 Dodging
 - Level 2.4 Invocations


You had 2 spell levels left.
You didn't know any spells.

Dungeon Overview and Level Annotations

Branches:
Dungeon (3/15)

Altars:
Yredelemnul


Message History

You hit the ooze.
The ooze is moderately wounded.
You closely miss the kobold. The kobold misses you.
The ooze hits you but does no damage.
You hit the ooze but do no damage.
The ooze is moderately wounded.
You closely miss the kobold. The kobold closely misses you.
The ooze closely misses you.
Your leather armour prevents you from hitting the ooze.
The ooze is moderately wounded.
You barely miss the kobold. The kobold hits you with a whip.
* * * LOW HITPOINT WARNING * * *
The ooze hits you but does no damage.
You are too injured to fight recklessly!
You hit the ooze.
The ooze is heavily wounded.
You hit the kobold.
The kobold is heavily wounded.
The kobold hits you with a whip!
You die...

..#.# #.#.#
######...###
#......(...#
#...##.(.#.###
#............#
####...†.%##.#
#..KJ>.#
###..#@#.#
#....÷.#+#
#.#.........#
#.#.......###
#.#.....#
#.......#
#.......#
+....####
#...#


You could see an ooze and a kobold.

Vanquished Creatures
  An adder (D:2)
  A worm (D:2)
  2 dart slugs (D:1)
  An orc (D:2)
  A ball python (D:1)
  4 giant cockroaches
  3 goblins
  2 hobgoblins (D:3)
  3 jackals (D:1)
  5 bats
  2 giant newts (D:2)
  8 kobolds
  5 rats
38 creatures vanquished.

Notes
Turn   | Place    | Note
--------------------------------------------------------------
     0 | Abyss:1  | Redz the Hill Orc Abyssal Knight began the quest for the Orb.
     0 | Abyss:1  | Reached XP level 1. HP: 19/19 MP: 2/2
     0 | Abyss:1  | Found a corrupted altar of Lugonu.
    13 | D:1      | Escaped the Abyss
    98 | D:1      | Reached XP level 2. HP: 27/27 MP: 3/3
   121 | D:1      | Reached skill level 1 in Dodging
   256 | D:1      | Reached ** piety under Lugonu
   256 | D:1      | Reached XP level 3. HP: 22/33 MP: 4/4
   750 | D:2      | Found a faded altar to an unknown god.
  1113 | D:3      | Found a basalt altar of Yredelemnul.
  1211 | D:3      | Slain by a kobold

Skill      XL: |  1  2  3 |
---------------+----------+-----
Axes           | 3 4 |  4.1
Dodging        | 1 |  1.1
Fighting       | 4 |  4.3
Armour         | |  2.5
Invocations    | |  2.4

Action                   || total
-------------------------++-------
Melee: Hand axe          ||   137
  Use: Scroll            ||     8
  Eat: Chunk             ||     1
Armor: Leather armour    ||    57
Dodge: Dodged            ||   109
